 Dungeon Crawl Stone Soup version 0.19.5 (webtiles) character file.

4926 equalderp2856 the Summoner (level 10, 0/39 HPs)
             Began as a Felid Summoner on Apr 10, 2017.
             Slain by a basilisk (13 damage)
             ... on level 3 of the Lair of Beasts.
             The game lasted 01:56:53 (42350 turns).

equalderp2856 the Summoner (Felid Summoner)        Turns: 42350, Time: 01:56:54

Health: 0/39       AC:  2    Str:  4    XL:     10   Next: 27%
Magic:  25/25      EV: 21    Int: 20    God:
Gold:   680        SH:  0    Dex: 17    Spells: 9 memorised, 9 levels left
                                        Lives:  0   Deaths: 3

rFire  . . .     SeeInvis +       - Unarmed
rCold  . . .     Gourm    .     (armour unavailable)
rNeg   . . .     Faith    .     (shield unavailable)
rPois  .         Spirit   .     (helmet unavailable)
rElec  .         Reflect  .     (cloak unavailable)
rCorr  .         Harm     .     (gloves unavailable)
MR     +....                    (boots unavailable)
Stlth  ++++++....               (no amulet)
                                F - ring of stealth
                                x - ring of stealth

@: quick
A: no armour, no weapons or thrown items, stealth, claws 1, fangs 3, see
invisible, carnivore 3, speed 1, shaggy fur 2, slow metabolism 1, sharp paws
a: no special abilities


You were on level 3 of the Lair of Beasts.
You were not hungry.

You visited 2 branches of the dungeon, and saw 13 of its levels.
You also visited: Labyrinth and Ossuary.

You collected 680 gold pieces.

Inventory:

Missiles
 P - 253 arrows
Jewellery
 j - an uncursed amulet of harm
 x - a ring of stealth (left paw)
 F - a ring of stealth (right paw)
 I - an uncursed ring of flight
 M - a +2 ring of protection
 T - an uncursed amulet of faith
 V - a +3 ring of intelligence
Wands
 d - a wand of lightning (9/15)
 g - a wand of slowing (26/48)
 y - a wand of digging (11/24)
 C - a wand of iceblast (3/15)
 E - a wand of flame (21/48)
 H - a wand of confusion (26/48)
 L - a wand of digging (11/24)
 R - a wand of flame (16/48)
 S - a wand of random effects (28/48)
Scrolls
 c - 2 scrolls of magic mapping
 f - 8 scrolls of remove curse
 h - 5 scrolls of teleportation
 i - 2 scrolls of identify
 m - 6 scrolls of enchant weapon
 r - 2 scrolls of fog
 t - 3 scrolls of recharging
Potions
 e - a potion of brilliance
 k - 2 potions of resistance
 l - 2 potions of agility
 n - 4 potions of curing
 o - 3 potions of lignification
 p - 2 potions of invisibility
 q - a potion of flight
 s - a potion of haste
 w - 4 potions of might
 G - a potion of degeneration {unknown}
 J - a potion of cancellation
 N - a potion of mutation {unknown}
 Q - 2 potions of ambrosia
Books
 a - a book of Callings

   Spells                             Type                      Level
   a - Summon Small Mammal            Summoning                    1
   b - Call Imp                       Summoning                    2
   c - Call Canine Familiar           Summoning                    3
   d - Summon Guardian Golem          Hexes/Summoning              3
   e - Summon Lightning Spire         Summoning/Air                4
   f - Summon Ice Beast               Ice/Summoning                4
 z - the Reference Book on Confrontation
   (You acquired it on level 2 of the Lair of Beasts)

   Spells                             Type                      Level
   a - Searing Ray                    Conjuration                  2
   b - Lightning Bolt                 Conjuration/Air              5
   c - Freezing Cloud                 Conjuration/Ice/Air          6
   d - Spellforged Servitor           Conjuration/Summoning        7
 A - Etiwoheqes's Handbook of Attacks
   (You found it in a labyrinth)

   Spells                             Type                      Level
   a - Iskenderun's Mystic Blast      Conjuration                  4
   b - Bolt of Cold                   Conjuration/Ice              6
 K - a book of Cantrips

   Spells                             Type                      Level
   a - Confusing Touch                Hexes                        1
   b - Animate Skeleton               Necromancy                   1
   c - Summon Small Mammal            Summoning                    1
   d - Apportation                    Translocation                1
 O - a book of Necromancy

   Spells                             Type                      Level
   a - Pain                           Necromancy                   1
   b - Animate Skeleton               Necromancy                   1
   c - Vampiric Draining              Necromancy                   3
   d - Regeneration                   Charms/Necromancy            3
   e - Animate Dead                   Necromancy                   4
   f - Control Undead                 Necromancy                   4
 U - a book of Frost

   Spells                             Type                      Level
   a - Freeze                         Ice                          1
   b - Throw Frost                    Conjuration/Ice              2
   c - Ozocubu's Armour               Charms/Ice                   3
   d - Throw Icicle                   Conjuration/Ice              4
   e - Summon Ice Beast               Ice/Summoning                4
Miscellaneous
 B - a disc of storms
Comestibles
 b - 4 meat rations
 u - a beef jerky
 v - 15 royal jellies
 D - a slice of pizza


   Skills:
 + Level 1.2 Fighting
 + Level 6.0 Dodging
 + Level 7.7 Stealth
 + Level 5.5 Unarmed Combat
 + Level 10.0 Spellcasting
 + Level 4.0 Hexes
 + Level 10.8 Summonings
 + Level 7.7 Ice Magic


You had 9 spell levels left.
You knew the following spells:

 Your Spells              Type           Power        Failure   Level  Hunger
a - Summon Small Mammal   Summ           ####         1%          1    None
b - Call Imp              Summ           ######..     1%          2    None
c - Call Canine Familiar  Summ           ######..     1%          3    None
d - Summon Guardian Gole  Hex/Summ       #####...     1%          3    None
e - Summon Ice Beast      Ice/Summ       #####...     1%          4    ##.....
f - Confusing Touch       Hex            ####..       1%          1    None
g - Animate Skeleton      Necr           N/A          10%         1    None
h - Apportation           Tloc           ##........   10%         1    None
i - Summon Lightning Spi  Summ/Air       ####....     10%         4    ##.....


Dungeon Overview and Level Annotations

Branches:
Dungeon (10/15)            Temple (0/1) D:5            Lair (3/6) D:10
  Snake (0/4) Lair:3
  Swamp: Lair:2-4    Shoals: Lair:2-4       Orc: D:9-12

Altars:
Ashenzari
Fedhas
Hepliaklqana
Yredelemnul

Shops:
D:4 [   D:7 %=}   D:9 (

Annotations:
D:3 1 runed door, Sigmund
D:5 Grinder
Lair:1 exclusions: fungus, 2 killer bees and 3 more exclusions
Lair:2 exclusion: oklob plant


Innate Abilities, Weirdness & Mutations

You cannot wear armour.
You are incapable of wielding weapons or throwing items.
Your paws allow you to move quietly. (Stealth)
You have sharp claws.
You have razor-sharp teeth.
You have supernaturally acute eyesight. (SInv)
You are carnivorous and can eat meat at any time.
You cover ground quickly.
You are covered in thick fur. (AC +2)
You have a slow metabolism.
Your sharp claws are effective at attacking unaware monsters.


Message History

You scratch the basilisk.
The basilisk is almost dead.
The basilisk bites you.
You scratch the basilisk but do no damage.
The basilisk is almost dead.
The basilisk barely misses you.
You barely miss the basilisk.
The basilisk is almost dead.
You scratch the basilisk.
The basilisk is almost dead.
The basilisk misses you.
You barely miss the basilisk.
The basilisk is almost dead.
The basilisk bites you!
* * * LOW HITPOINT WARNING * * *
Casting: Summon Ice Beast
Confirm with . or Enter, or press ? or * to list all spells.
Okay, then.
You feel better. The basilisk bites you!
You die...

## #. ## #.######.####
#........#.# ##.........#
### #..........#
######.#### ##P.......>###
.........P####.l@.......#.#
.....#)[.....##..........#
.#.#.####...###.........##
.....# ##..)...........P#
.#.#.# #####...........#
.....# #####.#..#### .#...#
#...#.#.# ....##
#####....## ...##
##.##P.#.+.#


You could see a basilisk.

Vanquished Creatures
  A spiny frog (Lair:1)
  A wyvern (Lair:2)
  A basilisk (Lair:3)
  A porcupine (Lair:2)
  2 phantoms
  3 ogres
  A big kobold (D:10)
  2 crocodiles
  10 bullfrogs
  A scorpion (D:10)
  2 wights
  4 howler monkeys
  4 jellies
  3 hounds
  3 bullfrog zombies
  3 iguanas
  2 worker ants
  2 orc wizards
  A big kobold zombie (Ossuary)
  A hound skeleton (D:8)
  A howler monkey zombie (D:7)
  A howler monkey skeleton (D:6)
  3 adders
  5 oozes (D:8)
  3 adder skeletons
  3 dart slugs
  3 leopard geckos
  15 orcs
  6 giant cockroaches
  2 goblins (D:2)
  A hobgoblin (D:2)
  9 jackals
  8 kobolds
  2 quokkas
  8 bats
  7 frilled lizards
  3 hobgoblin zombies (Ossuary)
  3 kobold zombies (Ossuary)
  A leopard gecko skeleton (D:5)
  3 orc zombies (Ossuary)
  13 rats
  A plant (Lair:1)
149 creatures vanquished.

Vanquished Creatures (collateral kills)
  A hydra (Lair:2)
  Sonja (Lair:2)
  Pikel (D:6)
  A manticore (Lair:2)
  Maurice (D:8)
  A black mamba (Lair:1)
  5 elephants (Lair:2)
  The ghost of WarriorsX the Skirmisher, a novice HuFi (D:4)
  A gargoyle (D:10)
  5 spiny frogs
  A torpor snail (Lair:3)
  A rime drake (Lair:2)
  3 komodo dragons
  A two-headed ogre (D:10)
  4 blink frogs (Lair:1)
  4 hippogriffs
  2 redbacks (Lab)
  A wyvern (Lair:2)
  25 yaks
  A basilisk (Lair:3)
  2 wargs (D:10)
  4 nagas (Lair:3)
  12 porcupines
  3 water moccasins
  6 orc warriors
  2 sky beasts
  A black bear (D:6)
  3 ice beasts
  A phantom (D:4)
  4 ogres
  6 centaurs
  7 crocodiles
  An elf zombie (Ossuary)
  4 bullfrogs
  A wyvern skeleton (D:10)
  3 scorpions
  10 wights
  8 crimson imps
  A bullfrog zombie (D:5)
  2 jellies
  3 hounds
  5 orc priests
  12 orc wizards
  A bullfrog skeleton (D:8)
  A centaur skeleton (D:5)
  Jessica (D:3)
  3 iguanas
  A human zombie (Ossuary)
  7 worker ants
  2 big kobold zombies (Ossuary)
  3 mummies
  2 howler monkey skeletons
  11 adders
  2 shadow imps
  An ooze (D:3)
  An adder zombie (Ossuary)
  4 worms
  A dart slug (D:1)
  2 leopard geckos
  33 orcs
  2 ball pythons (D:1)
  2 bats
  3 giant cockroaches
  6 goblins
  8 hobgoblins
  10 jackals
  7 kobolds
  A quokka (D:5)
  2 frilled lizards
  A goblin zombie (Ossuary)
  6 hobgoblin zombies (Ossuary)
  A jackal skeleton (D:4)
  8 kobold zombies (Ossuary)
  5 orc zombies (Ossuary)
  A rat (D:2)
  A rat zombie (Ossuary)
  A fungus (Lair:1)
  2 plants
305 creatures vanquished.

Vanquished Creatures (others)
  A wraith (D:10)
  A black bear (D:7)
  3 slaves (D:7)
  A bullfrog (D:7)
  A scorpion (D:7)
  A wight (D:6)
  An orc wizard (D:7)
  A leopard gecko (D:7)
  An orc (D:7)
  A quokka (D:7)
  A leopard gecko skeleton (D:7)
  A bush (Lair:2)
  10 fungi
  13 plants
37 creatures vanquished.

Grand Total: 491 creatures vanquished

Notes
Turn   | Place    | Note
-------+----------+-------------------------------------------
     0 | D:1      | equalderp2856 the Felid Summoner began the quest for the Orb.
     0 | D:1      | Reached XP level 1. HP: 7/7 MP: 4/4
   655 | D:1      | Reached XP level 2. HP: 11/11 MP: 6/6
   709 | D:1      | Learned a level 2 spell: Call Imp
  2581 | D:2      | Reached XP level 3. HP: 14/14 MP: 7/7
  3661 | D:2      | Reached skill level 1 in Unarmed Combat
  4317 | D:2      | Learned a level 3 spell: Call Canine Familiar
  4479 | D:2      | Reached XP level 4. HP: 18/18 MP: 9/9
  5095 | D:2      | Killed from afar by an orc wizard
  5096 | D:2      | Reached XP level 3. HP: 0/14 MP: 0/8
  5367 | D:3      | Found a faded altar of an unknown god.
  5429 | D:3      | Noticed Sigmund
  5715 | D:3      | Reached XP level 4. HP: 14/18 MP: 1/9
  5749 | D:3      | Reached skill level 5 in Summonings
  6315 | D:3      | Noticed Jessica
  6358 | D:3      | Killed Jessica
  6883 | D:3      | Found a runed door.
  7456 | D:2      | Learned a level 3 spell: Summon Guardian Golem
  7795 | D:4      | Noticed WarriorsX's ghost (novice HuFi)
  7848 | D:4      | Noticed a phantom
  7897 | D:4      | Killed a phantom
  7897 | D:4      | Reached XP level 5. HP: 21/21 MP: 2/10
  7925 | D:4      | Noticed a phantom
  8057 | D:4      | Found a sand-covered staircase.
  8277 | Ossuary  | Entered an ossuary
  8749 | Ossuary  | Gained mutation: You are covered in thick fur. (AC +2) [Felid growth]
  8749 | Ossuary  | Reached XP level 6. HP: 24/24 MP: 2/12
  9379 | D:4      | Found Ruclijac's Armour Boutique.
  9835 | D:4      | Learned a level 4 spell: Summon Ice Beast
 10302 | D:4      | Reached skill level 1 in Ice Magic
 10847 | D:4      | Reached XP level 7. HP: 27/27 MP: 5/14
 11752 | D:4      | Killed WarriorsX's ghost
 12234 | D:5      | Entered Level 5 of the Dungeon
 12510 | D:5      | Found a staircase to the Ecumenical Temple.
 12807 | D:5      | Noticed Grinder
 13797 | D:5      | Reached XP level 8. HP: 31/31 MP: 8/15
 14749 | D:6      | Reached skill level 5 in Spellcasting
 16394 | D:6      | Reached skill level 1 in Hexes
 16767 | D:6      | Noticed a hippogriff
 16795 | D:6      | Killed a hippogriff
 16795 | D:6      | Reached skill level 5 in Stealth
 17098 | D:6      | Found a basalt altar of Yredelemnul.
 17099 | D:6      | Found a blossoming altar of Fedhas.
 17101 | D:6      | Found a shattered altar of Ashenzari.
 17782 | D:7      | Found Leurpheu's Jewellery Shop.
 17782 | D:7      | Noticed Pikel
 17828 | D:6      | Killed Pikel
 17828 | D:6      | Reached XP level 9. HP: 30/34 MP: 7/19
 17959 | D:7      | Reached skill level 5 in Ice Magic
 17975 | D:7      | Learned a level 1 spell: Confusing Touch
 17985 | D:7      | Learned a level 1 spell: Animate Skeleton
 17987 | D:7      | Learned a level 1 spell: Apportation
 17992 | D:7      | Learned a level 4 spell: Summon Lightning Spire
 18845 | D:7      | Found Jiomukle's Food Shoppe.
 19037 | D:7      | Found Kusk's Gadget Shoppe.
 20697 | D:8      | You fall through a shaft for 2 floors!
 20697 | D:10     | Entered Level 10 of the Dungeon
 20706 | D:10     | Found a staircase to the Lair.
 23022 | D:10     | Reached XP level 10. HP: 38/38 MP: 1/21
 24358 | D:8      | Noticed Maurice
 24376 | D:8      | Killed Maurice
 24376 | D:8      | Reached skill level 5 in Dodging
 26051 | D:9      | Found Piujiwev's Weapon Boutique.
 27191 | D:10     | Reached skill level 5 in Unarmed Combat
 27492 | D:10     | Noticed a gargoyle
 27539 | D:10     | Killed a gargoyle
 27928 | Lair:1   | Entered Level 1 of the Lair of Beasts
 28481 | Lair:1   | Reached skill level 1 in Fighting
 28859 | Lair:1   | Noticed a spiny frog
 28869 | Lair:1   | Killed a spiny frog
 28871 | Lair:1   | Noticed a spiny frog
 28888 | Lair:1   | Killed a spiny frog
 29239 | Lair:1   | Noticed a black mamba
 29285 | Lair:1   | Found a hazy altar of Hepliaklqana.
 29873 | Lair:1   | Killed a black mamba
 29873 | Lair:1   | Reached XP level 11. HP: 42/42 MP: 1/24
 30413 | Lair:2   | Found a labyrinth entrance.
 30460 | Lab      | Entered a labyrinth
 31639 | Lab      | Noticed a minotaur
 32040 | Lab      | HP: 2/42 [poisoned by a hornet]
 33418 | Lab      | Noticed an unseen horror
 33422 | Lab      | HP: 2/42 [mottled dragon[a minotaur] (7)]
 33423 | Lab      | Incinerated by a mottled dragon
 33424 | Lab      | Reached XP level 10. HP: -3/39 MP: 23/23
 33909 | Lab      | Noticed a hill giant
 33909 | Lab      | Noticed a cyan ugly thing
 33909 | Lab      | Noticed a cyan ugly thing
 33909 | Lab      | Noticed a cyan ugly thing
 33909 | Lab      | Noticed a cyan ugly thing
 35201 | Lab      | Noticed a brown ugly thing
 35201 | Lab      | Noticed a brown ugly thing
 35201 | Lab      | Noticed a brown ugly thing
 35564 | Lab      | Noticed an unseen horror
 36138 | Lab      | Identified Etiwoheqes's Handbook of Attacks
 36173 | Lair:2   | Noticed a spiny frog
 36185 | Lair:2   | Noticed a spiny frog
 36196 | Lair:2   | Noticed an elephant
 36253 | Lair:2   | Noticed an elephant
 36254 | Lair:2   | Noticed an elephant
 36254 | Lair:2   | Noticed an elephant
 36527 | Lair:2   | Noticed a spiny frog
 36969 | Lair:2   | Killed a spiny frog
 37591 | Lair:2   | Reached skill level 10 in Summonings
 37691 | Lair:2   | Noticed an elephant
 37704 | Lair:2   | Noticed an elephant
 38062 | Lair:2   | Killed an elephant
 38069 | Lair:2   | Killed an elephant
 38162 | Lair:2   | Noticed an eight-headed hydra
 38427 | Lair:2   | Killed a spiny frog
 38458 | Lair:2   | Killed an elephant
 38769 | Lair:2   | Noticed Sonja
 39063 | Lair:2   | Identified a scroll of acquirement
 39063 | Lair:2   | Identified the Reference Book on Confrontation (You acquired it on level 2 of the Lair of Beasts)
 39673 | Lair:2   | Killed Sonja
 39924 | Lair:2   | Killed an elephant
 40075 | Lair:2   | Found a blossoming altar of Fedhas.
 40086 | Lair:2   | Noticed an oklob plant
 40356 | Lair:2   | Reached XP level 11. HP: 10/42 MP: 25/25
 41021 | Lair:2   | Killed an eight-headed hydra
 41604 | Lair:3   | Found a staircase to the Snake Pit.
 42080 | Lair:3   | Reached skill level 10 in Spellcasting
 42327 | Lair:3   | Slain by a black mamba
 42328 | Lair:3   | Reached XP level 10. HP: 0/39 MP: 18/25
 42350 | Lair:3   | Slain by a basilisk

Skill      XL: |  1  2  3  4  5  6  7  8  9 10 11 |
---------------+----------------------------------+-----
Dodging        | 3 4 5 6 |  6.0
Stealth        | 3 4 5 6 7 |  7.7
Unarmed Combat | 1 2 3 4 5 |  5.5
Summonings     | 5 6 7 8 10 | 10.8
Spellcasting   | 3 4 6 7 9 10 | 10.0
Ice Magic      | 2 4 5 7 |  7.7
Hexes          | 2 3 4 |  4.0
Fighting       | 1 |  1.2

Action                   |  1- 3 |  4- 6 |  7- 9 | 10-12 || total
-------------------------+-------+-------+-------+-------++-------
Melee: Unarmed           |   148 |   171 |   306 |   423 ||  1048
       Bite              |    12 |    14 |    28 |    43 ||    97
       Punch             |       |     1 |     3 |     7 ||    11
 Cast: Summon Small Mamm |    25 |     9 |    17 |     6 ||    57
       Call Imp          |    37 |    59 |    54 |    18 ||   168
       Call Canine Famil |     5 |    30 |    30 |    12 ||    77
       Summon Guardian G |       |     4 |    21 |    22 ||    47
       Summon Ice Beast  |       |       |    91 |   222 ||   313
       Confusing Touch   |       |       |     1 |    32 ||    33
       Animate Skeleton  |       |       |       |     2 ||     2
       Summon Lightning  |       |       |       |     2 ||     2
Evoke: Wand              |       |       |       |    20 ||    20
  Use: Scroll            |       |     9 |     1 |    21 ||    31
       Potion            |       |     1 |       |    11 ||    12
 Stab: Sleeping          |     8 |     2 |    21 |    24 ||    55
       Distracted        |     1 |     3 |     1 |     1 ||     6
       Confused          |       |       |       |     5 ||     5
  Eat: Chunk             |    15 |    20 |    40 |    43 ||   118
       Meat ration       |       |       |       |     2 ||     2
Armor: Skin              |    23 |    12 |    23 |    20 ||    78
Dodge: Dodged            |   193 |   170 |   276 |   438 ||  1077
